 Dungeon Crawl Stone Soup version 0.32-a0-918-g0f22ef8d61 (webtiles) character file.

Game seed: 12252512936236541111

223 MachoJfn the Shield-Bearer (level 6, -3/48 HPs)
             Began as a Formicid Fighter on Apr 10, 2024.
             Was a Believer of Cheibriados.
             Slain by Edmund
             ... wielding a +3 heavy dire flail
              (6 damage)
             ... on level 4 of the Dungeon.
             The game lasted 00:09:35 (3109 turns).

MachoJfn the Shield-Bearer (Formicid Fighter)       Turns: 3109, Time: 00:09:36

Health: -3/48      AC:  9    Str: 27    XL:     6   Next: 20%
Magic:  6/6        EV:  8    Int: 11    God:    Cheibriados [**....]
Gold:   231        SH:  5    Dex: 17    Spells: 5/5 levels left

rFire   . . .        a - +1 war axe
rCold   . . .        c - +0 buckler
rNeg    . . .        k - +0 chain mail
rPois   .            (helmet unavailable)
rElec   .            (no cloak)
rCorr   .            (no gloves)
SInv    +            (no boots)
Will    +....        (no amulet) Stlth
                     (no ring)
HPRegen 0.28/turn    (no ring)
MPRegen 0.10/turn

%: no passive effects
@: mighty, lethally poisoned (-3 -> -3), attractive, enlightened, flying, very
slow
A: permanent stasis, dig shafts and tunnels, antennae 3, four strong arms, sense
surroundings 1
a: Dig, Shaft Self, Renounce Religion, Bend Time


You were on level 4 of the Dungeon.
You worshipped Cheibriados.
Cheibriados was pleased with you.
You visited 1 branch of the dungeon, and saw 4 of its levels.

You collected 231 gold pieces.

Inventory:

Hand Weapons
 a - a +1 war axe (weapon)
Missiles
 h - 16 stones
Armour
 c - a +0 buckler (worn)
 k - a +0 chain mail (worn)
Jewellery
 g - a ring of fire
Scrolls
 i - a scroll of teleportation
Potions
 d - a potion of might
 e - a potion of curing {unknown}
 j - a potion of mutation
 o - 3 potions of haste
 p - a potion of berserk rage {unknown}


   Skills:
 + Level 3.8 Fighting
 + Level 4.6 Axes
 + Level 3.9 Armour
 + Level 0.9 Dodging
 + Level 0.2 Stealth
 + Level 4.9 Shields
 + Level 0.1 Invocations


You had 5 spell levels left.
You didn't know any spells.
Your spell library contained the following spells:

 Spells                   Type           Power      Damage    Failure   Level
 Freeze                   Ice            0%         1d3       88%         1
 Kiss of Death            Conj/Necr      0%         2d5       88%         1
 Scorch                   Fire           0%         2d5       96%         2
 Confusing Touch          Hex            0%         N/A       99%         3
 Frozen Ramparts          Ice            0%         1d1       99%         3
 Hailstorm                Conj/Ice       0%         3d5       99%         3
 Dispel Undead            Necr           0%         3d6       100%        4
 Flame Wave               Conj/Fire      0%         2d4       100%        4
 Summon Cactus Giant      Summ           0%         N/A       100%        6


Dungeon Overview and Level Annotations

Branches:
Dungeon (4/15)             Temple (0/1) D:4

Altars:
Ashenzari
Cheibriados
Qazlal
Sif Muna
Zin

Annotations:
D:4 Edmund


Innate Abilities, Weirdness & Mutations

You cannot be hasted, slowed, berserked, paralysed or teleported.
You can dig through walls and to a lower floor.
You have a pair of large antennae on your head. (SInv)
Your four strong arms can wield two-handed weapons with a shield.
You passively map a small area around you.


Message History

The adder bites you. Edmund misses you.
You closely miss the adder. You hit Edmund. You closely miss the quokka.
You feel sick. You block the quokka's attack. You block the adder's attack.
The quokka bites you.
* * * LOW HITPOINT WARNING * * *
The adder bites you but does no damage.
Edmund hits you with a +3 heavy dire flail!
* * * LOW HITPOINT WARNING * * *
You feel much better. You block the adder's attack.
The quokka bites you but does no damage.
You feel very mighty all of a sudden.
You feel sick. The adder barely misses you. The quokka bites you.
Edmund hits you with a +3 heavy dire flail!
You completely miss Edmund.
Edmund is lightly wounded.
You slash the adder!
You kill the adder!
Cheibriados appreciates the change of pace.
You closely miss the quokka.
You feel sick.
The quokka bites you but does no damage.
Edmund hits you with a +3 heavy dire flail.
* * * LOW HITPOINT WARNING * * *
The quokka bites you but does no damage.
You barely miss Edmund.
Edmund is lightly wounded.
You hit the quokka.
You kill the quokka!
Cheibriados appreciates the change of pace.
You feel sick.
Edmund hits you with a +3 heavy dire flail!
* * * LOW HITPOINT WARNING * * *
It was a potion of enlightenment.
You feel very buoyant.
You fly up into the air.
You feel sick.
It was a potion of attraction.
You feel attractive to monsters.
Edmund hits you with a +3 heavy dire flail.
You die...
Edmund says, "I'd like to see a scythe do that!"
Cheibriados appreciates the motionlessness of death.

##############
#............#
#.##########.#
#.# ###.###
#.# #.....#
##.##
##....)##
....#
*........†@#
##..#
*.##.....@†#*
* #..#*
*#.......# ,
#..#
,..........,*
* #..#
,..#.......##*
....
,..........# *
* ####.
.#........ #*
. ##.###### ,
,,,, ., * *


You could see Edmund.

Vanquished Creatures
  A bombardier beetle (D:3)
  An orc wizard (D:3)
  Robin (D:2)
  6 adders
  A dart slug (D:2)
  A ribbon worm (D:2)
  12 orcs (D:3)
  4 endoplasms
  5 giant cockroaches
  10 hobgoblins
  5 quokkas
  5 ball pythons
  7 bats
  2 frilled lizards (D:2)
  15 goblins
  5 kobolds
  3 rats
84 creatures vanquished.

Notes
Turn   | Place    | Note
-------+----------+-------------------------------------------
     0 | D:1      | MachoJfn the Formicid Fighter began the quest for the Orb.
     0 | D:1      | Reached XP level 1. HP: 18/18 MP: 1/1
   214 | D:1      | Reached XP level 2. HP: 24/24 MP: 2/2
   821 | D:2      | Reached XP level 3. HP: 29/29 MP: 3/3
  1155 | D:2      | Noticed Robin
  1162 | D:2      | Reached XP level 4. HP: 19/36 MP: 4/4
  1165 | D:2      | Killed Robin
  2298 | D:3      | Found a shimmering blue altar of Sif Muna.
  2298 | D:3      | Found a broken altar of Ashenzari.
  2299 | D:3      | Found a glowing silver altar of Zin.
  2373 | D:3      | Reached XP level 5. HP: 35/42 MP: 5/5
  2476 | D:3      | Found a faded altar of an unknown god.
  2489 | D:3      | Prayed at the altar of an unknown god.
  2489 | D:3      | Became a worshipper of Cheibriados the Contemplative
  2489 | D:3      | Reached * piety under Cheibriados
  2554 | D:3      | Found a stormy altar of Qazlal.
  2639 | D:3      | Reached XP level 6. HP: 48/48 MP: 6/6
  2768 | D:3      | Gained mutation: You passively map a small area around you.
                  | [potion of mutation]
  2994 | D:4      | Found a staircase to the Ecumenical Temple.
  2994 | D:4      | Noticed Edmund
  3063 | D:4      | Reached ** piety under Cheibriados
  3109 | D:4      | Slain by Edmund

Illustrated notes

Levels and vault maps discovered:
D:1:      saegor_arrival_simple_e, layout_rooms
D:2:      minmay_razor_zed, layout_basic, chequers_serial_rivers_micro_e,
          reono_crystal_passage, chequers_serial_rivers_large_a, uniq_robin
D:3:      layout_rooms, mainiacjoe_overflow_surrounded_room,
          gammafunk_temple_overflow_claw, ebering_ecumenical_altar_sacrificial
D:4:      layout_loops_ring, regret_index_temple_of_mockery,
          makhleb_altar_promises_db, minmay_temple_entry_ruins, uniq_edmund

Skill      XL: |  1  2  3  4 |
---------------+-------------+-----
Axes           | 3 4 |  4.6
Fighting       | |  3.8
Armour         | |  3.9
Dodging        | |  0.9
Stealth        | |  0.2
Shields        | |  4.9
Invocations    | |  0.1

Action                     |  1- 3 |  4- 6 || total
---------------------------+-------+-------++-------
  Melee: War axe           |    96 |   118 ||   214
 Invoke: Bend Time         |       |     1 ||     1
    Use: Scroll            |     1 |     7 ||     8
         Potion            |       |     6 ||     6
 Armour: Scale mail        |   106 |    68 ||   174
         Chain mail        |       |    52 ||    52
  Dodge: Dodged            |    60 |    67 ||   127
  Block: Buckler           |    28 |    51 ||    79

Table legend: (Time is in decaauts)
 A = Elapsed time spent in this place.
 B = Non-inter-level travel time spent in this place.
 C = Inter-level travel time spent in this place.
 D = Time resting spent in this place.
 E = Time spent auto-exploring this place.
 F = Levels seen in this place.
 G = Mean time per level.
                   A        B        C        D        E       F      G
               +--------+--------+--------+--------+--------+-----+--------+
         Total |   3371 |   2968 |    403 |    600 |   1681 |   4 |  842.8 |
       Dungeon |   3371 |   2968 |    403 |    600 |   1681 |   4 |  842.8 |
               +--------+--------+--------+--------+--------+-----+--------+

Top non-repeatable levels by time:
     D:2: 1798 daAuts
     D:3: 844 daAuts
     D:1: 490 daAuts
     D:4: 236 daAuts
